AoeStats
← [GDL] HANNIBAL

Arena

508910234Analyzed
2v2 RM · 8d ago on Sep 24, 2026· 25m 48s· 4 players
Game mode
Random Map
Map size
Medium (4 player)
Population
200
Speed
Normal
Resources
Standard
Victory
Conquest
Starting age
Dark Age
Ending age
Imperial Age
RankedLock teamsTeams togetherTeam positionsShared explorationLock speedFull tech treeHidden civsTurbo modeCheats
Victory
Defeat
🇲🇽 Danes · Mexico
1350
+12
🇲🇽 Hindustanis · Mexico
1049
+24
🇮🇹 Varangians · Italy
1246
-18
🇮🇹 Italians · Italy
1244
-18
[GDL] HANNIBAL
11:02 Feudal Age
14:47 Castle Age
14:46 Double-Bit Axe
14:43 Horse Collar
16:10 Town Watch
17:18 Loom
19:24 Scale Mail Armor
21:39 Bow Saw
21:59 Forging
25:09 Chain Mail Armor
26:06 Squires
Atila el tres
9:26 Feudal Age
14:26 Castle Age
12:55 Double-Bit Axe
14:16 Loom
15:29 Loom
18:27 Fortified Wall
Final_Tidus
9:00 Loom
11:13 Feudal Age
15:27 Castle Age
14:55 Double-Bit Axe
Knightgenny_ITA
8:38 Loom
11:03 Feudal Age
12:17 Horse Collar
15:20 Castle Age
13:20 Double-Bit Axe
Connection lost

Rejoining the realm…

Still unreachable

The connection could not be restored.

Session expired

The server has moved on; the page needs a fresh start.